 Dungeon Crawl Stone Soup version 0.28.0-53-g5a82cb258f (webtiles) character file.

Game seed: 1250636974004505371

2384 pkoi the Insei (level 9, -1/74 HPs)
             Began as a Demigod Gladiator on May 24, 2022.
             Slain by a two-headed ogre
             ... wielding a +0 giant club
              (10 damage)
             ... on level 7 of the Dungeon.
             The game lasted 00:12:09 (8262 turns).

pkoi the Insei (Demigod Gladiator)                  Turns: 8262, Time: 00:12:09

Health: -1/74      AC:  9    Str: 21    XL:     9   Next: 2%
Magic:  19/25      EV: 12    Int: 34    God:
Gold:   373        SH:  5    Dex: 15    Spells: 3/14 levels left

rFire   . . .      SeeInvis .   h - +7 whip "Impbane" {venom, rC- MP+9 Str+6 Int+3}
rCold   x . .      Faith    .   (no shield)
rNeg    . . .      Spirit   .   E - +0 steam dragon scales
rPois   .          Reflect  +   b - +1 helmet
rElec   .          Harm     .   v - scarf {repulsion}
rCorr   +          Rampage  .   (no gloves)
Will    .....                   t - +1 pair of boots of Resonance {Int+3}
Stlth   +++.......              p - amulet of reflection
HPRegen 0.22/turn               r - +6 ring of intelligence
MPRegen 0.19/turn               u - ring of resist corrosion

@: repel missiles
A: high MP 1, forlorn, divine attributes
a: no special abilities


You were on level 7 of the Dungeon.
You visited 1 branch of the dungeon, and saw 7 of its levels.

You collected 373 gold pieces.

Inventory:

Hand Weapons
 h - the +7 whip "Impbane" (weapon) {venom, rC- MP+9 Str+6 Int+3}
   (You found it on level 2 of the Dungeon)

   It poisons the flesh of those it strikes.
   Str:       It affects your strength (+6).
   Int:       It affects your intelligence (+3).
   rC:        It makes you vulnerable to cold.
   MP:        It affects your magic capacity (+9).
 m - a +2 spectral club
 x - the +11 hand axe of Slimy Tender Mercy {pain, Int+2 Dex+4}
   (You found it on level 5 of the Dungeon)

   In the hands of one skilled in necromantic magic, it inflicts extra damage on
   living creatures.
   Int:       It affects your intelligence (+2).
   Dex:       It affects your dexterity (+4).
Missiles
 c - 3 throwing nets (quivered)
Armour
 b - a +1 helmet (worn)
 t - the +1 pair of boots of Resonance (worn) {Int+3}
   (You found it on level 4 of the Dungeon)

   Int:       It affects your intelligence (+3).
 v - a scarf of repulsion (worn)
 E - +0 steam dragon scales (worn)
Jewellery
 p - an amulet of reflection (around neck)
 r - a +6 ring of intelligence (left hand)
 u - a ring of resist corrosion (right hand)
Wands
 k - a wand of mindburst (21)
 l - a wand of charming (6)
 A - a wand of digging (6)
 B - a wand of flame (23)
Scrolls
 q - 2 scrolls of amnesia
Potions
 e - a potion of lignification
 f - a potion of cancellation
 g - a potion of haste
 i - 2 potions of attraction
 o - a potion of might
 s - a potion of curing
 w - a potion of heal wounds


   Skills:
 + Level 5.1 Fighting
 - Level 1.7 Throwing
 - Level 2.6 Dodging
 + Level 4.0 Stealth
 + Level 6.0 Unarmed Combat
 - Level 3.0 Spellcasting
 + Level 3.6 Conjurations
 + Level 2.3 Hexes
 + Level 2.3 Translocations
 + Level 3.5 Air Magic
 + Level 0.7 Poison Magic
 + Level 1.0 Evocations


You had 3 spell levels left.
You knew the following spells:

 Your Spells              Type           Power      Damage    Failure   Level
a - Static Discharge      Conj/Air       29%        N/A       1%          2
b - Dazzling Flash        Conj/Hex       50%        N/A       4%          3
c - Iskenderun's Mystic   Conj/Tloc      25%        2d7       16%         4
d - Poisonous Vapours     Pois/Air       38%        N/A       3%          2

Your spell library contained the following spells:

 Spells                   Type           Power      Damage    Failure   Level
 Sting                    Tmut/Pois      28%        1d4       4%          1
 Lightning Bolt           Conj/Air       14%        1d28      34%         5
 Olgreb's Toxic Radiance  Pois           9%         N/A       38%         4
 Starburst                Conj/Fire      8%         6d4       99%         6
 Maxwell's Capacitive Co  Air            14%        ∞         100%        8


Dungeon Overview and Level Annotations

Branches:
Dungeon (7/15)             Temple (0/1) D:6

Shops:
D:7 *


Innate Abilities, Weirdness & Mutations

You have an increased reservoir of magic. (+10% MP)
You shall have no god before yourself.
Your divine heritage dramatically boosts your attributes as you level up.


Message History

The two-headed ogre closely misses you. You block the two-headed ogre's attack.
You whack the two-headed ogre!
The two-headed ogre is moderately wounded.
The two-headed ogre closely misses you.
The two-headed ogre hits you with a +0 giant spiked club.
You whack the two-headed ogre!
The two-headed ogre looks even sicker.
The two-headed ogre is heavily wounded.
You block the two-headed ogre's attack.
The two-headed ogre hits you with a +0 giant spiked club!
Unknown command.
You see here an iguana corpse.
You whack the two-headed ogre!
The two-headed ogre looks as sick as possible!
The two-headed ogre is heavily wounded.
The two-headed ogre closely misses you. The two-headed ogre misses you.
Casting: Dazzling Flash (dangerous; 4% risk of failure)
Confirm with . or Enter, or press ? or * to list all spells.
Casting: Dazzling Flash (dangerous; 4% risk of failure)
Press: ? - help, Dir - look around, f - activate
Casting: Dazzling Flash (dangerous; 4% risk of failure)
Confirm with . or Enter, or press ? or * to list all spells.
Casting: Dazzling Flash (dangerous; 4% risk of failure)
Press: ? - help, Dir - look around, f - activate Look: a two-headed ogre, wielding a +0 giant club and a +0 giant spiked club (severely wounded, very poisoned, chance to dazzle: 44%)
The two-headed ogre hits you with a +0 giant club!!
* * * LOW HITPOINT WARNING * * *
You block the two-headed ogre's attack.
You barely miss the two-headed ogre.
The two-headed ogre is severely wounded.
The two-headed ogre hits you with a +0 giant club!!
* * * LOW HITPOINT WARNING * * *
The two-headed ogre hits you with a +0 giant spiked club.
* * * LOW HITPOINT WARNING * * *
You hit the two-headed ogre but do no damage.
The two-headed ogre looks as sick as possible!
The two-headed ogre is severely wounded.
The two-headed ogre barely misses you. The two-headed ogre closely misses you.
Unknown command.
The two-headed ogre hits you with a +0 giant club!
You die...

#.........##...
###.....#.##.####
#.............. ..
#....##.##.#.# #..
#......<...#.# #.# .
#....##......# #.#### ..
###....##.##.#.# #.... ..
#...........O.#.# #..#######.
#######.##.##@#.####.##∩.∩.∩#.
#.##.##.#<..............
.....#.............⌠.... #.#F#
###.......#.####.#........
#.#.#..
..#######.......#∩.∩.∩#.
#.#.#. #.# ######..#######.
#......... #.###......
##...... #.# #..#### ......
#.###..####


You could see a two-headed ogre (extremely poisoned).

Vanquished Creatures
  Maggie (D:7)
  Prince Ribbit (D:6)
  Sigmund (D:4)
  2 steam dragons (D:6)
  A black bear (D:6)
  2 orc warriors (D:6)
  2 necrophages (D:5)
  A centaur (D:4)
  An ogre (D:5)
  Blork the orc (D:6)
  A scorpion (D:6)
  2 howler monkeys
  3 centaur zombies
  A jelly (D:4)
  2 hounds (D:5)
  Ijyb (D:3)
  3 iguanas
  5 orc wizards
  A hound zombie (D:5)
  A howler monkey skeleton (D:6)
  6 adders
  An ufetubus (D:4)
  4 worms
  5 dart slugs
  9 orcs
  7 endoplasms
  7 giant cockroaches
  8 goblins
  11 hobgoblins
  6 jackals
  2 quokkas (D:1)
  10 ball pythons
  A bat (D:3)
  5 frilled lizards
  5 kobolds
  8 rats
128 creatures vanquished.

Vanquished Creatures (others)
  Edmund (D:6)
1 creature vanquished.

Grand Total: 129 creatures vanquished

Notes
Turn   | Place    | Note
-------+----------+-------------------------------------------
     0 | D:1      | pkoi the Demigod Gladiator began the quest for the Orb.
     0 | D:1      | Reached XP level 1. HP: 17/17 MP: 3/3
    99 | D:1      | Reached skill level 3 in Unarmed Combat
   176 | D:1      | Reached XP level 2. HP: 17/24 MP: 4/4
   821 | D:2      | Identified the +7 whip "Impbane" {venom, rC- MP+9 Str+6
                  | Int+3}
   835 | D:2      | Reached XP level 3. HP: 22/29 MP: 4/5
  1550 | D:2      | Reached skill level 1 in Stealth
  1897 | D:3      | Noticed a shining eye
  1902 | D:3      | Noticed a great orb of eyes
  1937 | D:3      | Reached skill level 4 in Unarmed Combat
  1966 | D:3      | Reached XP level 4. HP: 36/36 MP: 7/7
  1984 | D:3      | Reached skill level 1 in Spellcasting
  1996 | D:3      | Noticed Ijyb
  2005 | D:3      | Killed Ijyb
  2439 | D:3      | Noticed a shining eye
  2459 | D:3      | Noticed a floating eye
  2522 | D:3      | Reached XP level 5. HP: 42/42 MP: 9/9
  2751 | D:4      | Noticed a centaur
  2758 | D:4      | Noticed Sigmund
  2762 | D:4      | Killed a centaur
  3128 | D:4      | Killed Sigmund
  3129 | D:4      | Reached XP level 6. HP: 46/51 MP: 12/12
  3161 | D:4      | Learned a level 2 spell: Static Discharge
  3462 | D:4      | Identified the +1 pair of boots of Resonance {Int+3}
  4374 | D:5      | Entered Level 5 of the Dungeon
  4381 | D:5      | Reached skill level 1 in Conjurations
  4381 | D:5      | Reached skill level 1 in Air Magic
  4382 | D:5      | Reached XP level 7. HP: 54/57 MP: 14/14
  4515 | D:5      | Reached skill level 5 in Unarmed Combat
  4527 | D:5      | Identified the +11 hand axe of Slimy Tender Mercy {pain,
                  | Int+2 Dex+4}
  5019 | D:6      | Noticed Edmund
  5022 | D:6      | Noticed a steam dragon
  5031 | D:6      | Killed Edmund
  5038 | D:6      | Killed a steam dragon
  5809 | D:5      | Learned a level 3 spell: Dazzling Flash
  5814 | D:5      | Learned a level 4 spell: Iskenderun's Mystic Blast
  6135 | D:6      | Reached XP level 8. HP: 67/67 MP: 15/15
  6266 | D:6      | Reached skill level 1 in Translocations
  6557 | D:6      | Found a staircase to the Ecumenical Temple.
  6586 | D:6      | Reached skill level 1 in Hexes
  6973 | D:6      | Noticed Blork the orc
  6981 | D:6      | Killed Blork the orc
  7148 | D:6      | Noticed Prince Ribbit
  7165 | D:6      | Killed Prince Ribbit
  7628 | D:6      | Reached skill level 5 in Fighting
  7770 | D:7      | Found Raureor's CLEARANCE SALE!.
  7776 | D:7      | Learned a level 2 spell: Poisonous Vapours
  7795 | D:7      | Noticed Maggie
  7812 | D:7      | Killed Maggie
  7813 | D:7      | Reached skill level 6 in Unarmed Combat
  8183 | D:7      | Reached skill level 1 in Evocations
  8183 | D:7      | Reached XP level 9. HP: 71/74 MP: 16/16
  8233 | D:7      | Noticed a two-headed ogre
  8262 | D:7      | Slain by a two-headed ogre

Illustrated notes

Levels and vault maps discovered:
D:1:      amcnicky_arrival_feature_with_door, layout_basic
D:2:      layout_rooms
D:3:      layout_rooms, hellmonk_ecumenical_altar_watching_god,
          kennysheep_nondescript, uniq_ijyb
D:4:      layout_layer_cave, minmay_bent, uniq_sigmund
D:5:      layout_cave_pools, serial_rivers, chequers_serial_rivers_small_a,
          chequers_serial_rivers_micro_d, chequers_serial_rivers_small_3,
          chequers_serial_rivers_micro_a
D:6:      layout_gridville, minmay_temple_entry_statues_pillars, uniq_edmund,
          uniq_blork_the_orc, uniq_prince_ribbit1
D:7:      layout_basic, gammafunk_ghost_arena, nicolae_shop_clearance,
          uniq_maggie

Skill      XL: |  1  2  3  4  5  6  7  8 |
---------------+-------------------------+-----
Unarmed Combat | 3 4 5 6 |  6.0
Fighting       | 2 3 4 5 |  5.1
Stealth        | 1 2 3 4 |  4.0
Spellcasting   | 1 2 3 |  3.0
Conjurations   | 1 2 3 |  3.6
Air Magic      | 1 2 3 |  3.5
Translocations | 2 |  2.3
Hexes          | 2 |  2.3
Evocations     | 1 |  1.0
Throwing       | |  1.7
Dodging        | |  2.6
Poison Magic   | |  0.7

Action                   |  1- 3 |  4- 6 |  7- 9 || total
-------------------------+-------+-------+-------++-------
Melee: Unarmed           |    82 |       |       ||    82
       Punch             |     6 |     5 |     3 ||    14
       Whip              |    60 |    93 |   136 ||   289
       Hand axe          |       |       |    13 ||    13
 Cast: Static Discharge  |       |       |     5 ||     5
       Poisonous Vapours |       |       |     5 ||     5
       Dazzling Flash    |       |       |     3 ||     3
  Use: Scroll            |       |     5 |    11 ||    16
       Potion            |       |       |     1 ||     1
 Stab: Sleeping          |     2 |       |     4 ||     6
Armor: Leather armour    |    31 |       |    51 ||    82
       Chain mail        |     5 |    50 |       ||    55
       Steam dragon scal |       |       |     8 ||     8
Dodge: Dodged            |    87 |    43 |   105 ||   235
       Repelled          |       |       |     3 ||     3
Block: Other             |       |       |    17 ||    17
